 Dungeon Crawl Stone Soup version 0.18.0-1-g0107ab7 (webtiles) character file.

962 Implojin the Insei (level 8, -17/43 HPs)
             Began as a Vine Stalker Transmuter on May 5, 2016.
             Was an Initiate of Okawaru.
             Demolished by an orc warrior
             ... wielding a +0 trident
              (22 damage)
             ... on level 6 of the Dungeon.
             The game lasted 00:23:28 (4574 turns).

Implojin the Insei (Vine Stalker Transmuter)        Turns: 4574, Time: 00:23:28

Health: -17/43     AC:  2    Str: 14    XL:     8   Next: 15%
Magic:  0/12       EV: 19    Int: 13    God:    Okawaru [......]
Gold:   274        SH:  0    Dex: 23    Spells: 2 memorised, 7 levels left

rFire  . . .     SeeInvis .       - Unarmed
rCold  . . .     Gourm    .     (armour currently unavailable)
rNeg   . . .     Faith    .     (shield currently unavailable)
rPois  x         Spirit   +     (helmet currently unavailable)
rElec  .         Dismiss  .     (cloak currently unavailable)
rCorr  .         Reflect  .     (gloves currently unavailable)
SustAt .         Harm     .     (boots currently unavailable)
MR     +....     Rnd*Rage +     (no amulet)
Stlth  +++.......               s - ring of stealth
                                i - +4 ring of slaying

@: spider-form, somewhat resistant to hostile enchantments, fairly stealthy
A: (fangs 0), berserk 1, regeneration 2, strong 1, magic shield, (antimagic
bite), no device heal 3, rot immunity
a: End Transformation, Renounce Religion


You were on level 6 of the Dungeon.
You worshipped Okawaru.
Okawaru was noncommittal.
You were hungry.
You were a venomous arachnid creature.
You visited 1 branch of the dungeon, and saw 6 of its levels.

You collected 274 gold pieces.

Inventory:

Hand Weapons
 e - a +1 short sword of draining
 k - a +2 dagger of electrocution
 z - a +0 hunting sling
 B - the cursed +1 dagger "Muitseth" {venom, Dex+5, unknown}
   (You found it on level 4 of the Dungeon)

   It poisons the flesh of those it strikes.
   It affects your dexterity (+5).
   It has a curse placed upon it.
Missiles
 a - 55 arrows
 h - 173 stones (quivered)
 y - 16 poisoned needles
 F - 6 javelins
Armour
 b - a +0 cloak (melded)
 g - a +1 pair of boots (melded)
 C - a +1 ring mail of cold resistance (melded)
Magical Staves
 H - an uncursed staff of poison {unknown}
Jewellery
 i - a +4 ring of slaying (left front leg)
 s - a ring of stealth (right front leg)
Wands
 l - a wand of iceblast (7/15)
 w - a wand of acid (7/15)
Scrolls
 j - 2 scrolls of immolation
 p - 4 scrolls of remove curse
 v - a scroll of magic mapping
Potions
 n - 2 potions of cancellation
 q - 2 potions of flight
 t - a potion of might
 u - 3 potions of heal wounds
 x - 2 potions of degeneration
 D - a potion of agility {unknown}
 G - 3 potions of curing
Books
 c - a book of Changes

   Spells                             Type                      Level
   a - Beastly Appendage              Transmutation                1
   b - Sticks to Snakes               Transmutation                2
   c - Spider Form                    Transmutation/Poison         3
   d - Ice Form                       Ice/Transmutation            4
   e - Blade Hands                    Transmutation                5
 m - Sif Muna's Guide on Beguiling
   (You found it on level 5 of the Dungeon)

   Spells                             Type                      Level
   a - Corona                         Hexes                        1
Comestibles
 d - 5 bread rations
 o - a fruit
 r - 2 beef jerkies
 E - a meat ration


   Skills:
 * Level 5.1 Fighting
 - Level 1.5 Dodging
 - Level 5.1 Unarmed Combat
 - Level 2.1 Spellcasting
 - Level 5.0 Transmutations
 - Level 3.0 Poison Magic


You had 7 spell levels left.
You knew the following spells:

 Your Spells              Type           Power        Failure   Level  Hunger
a - Beastly Appendage     Trmt           ##....       12%         1    ##.....
b - Spider Form           Trmt/Pois      ##........   32%         3    ####...


Dungeon Overview and Level Annotations

Branches:
Dungeon (6/15)             Temple (0/1) D:4

Altars:
Kikubaaqudgha
Makhleb
Nemelex Xobeh
Okawaru
Ru
Sif Muna
Vehumet

Annotations:
D:3 Terence


Innate Abilities, Weirdness & Mutations

((You have razor-sharp teeth.))
You heal very quickly.
When hurt, damage is shared between your health and your magic reserves.
((Your bite disrupts and absorbs the magic of your enemies.))
Potions and wands cannot restore your health.
You are immune to rotting.
You tend to lose your temper in combat.
Your muscles are strong. (Str +2)


Message History

You bite the orc warrior!
The orc warrior is moderately wounded.
The orc warrior misses you.
You hit the orc warrior.
The orc warrior is poisoned.
The orc warrior is heavily wounded.
The orc warrior misses you.
You barely miss the orc warrior.
The orc warrior is heavily wounded.
The orc warrior hits you with a trident!
* * * LOW HITPOINT WARNING * * *
You barely miss the orc warrior.
The orc warrior is severely wounded.
The orc warrior hits you with a trident!!
* * * LOW HITPOINT WARNING * * *
Drink which item? (? for menu, Esc to quit)
You have no ailments to cure.
Read which item? (? for menu, Esc to quit)
Okay, then.
Drink which item? (? for menu, Esc to quit)
Okay, then.
Drink which item? (? for menu, Esc to quit)
That would not heal you.
Drink which item? (? for menu, Esc to quit)
Okay, then.
Drink which item? (? for menu, Esc to quit)
Okay, then.
You hit the orc warrior but do no damage.
The orc warrior looks even sicker.
The orc warrior is severely wounded.
You hit the orc warrior but do no damage.
The orc warrior is severely wounded.
The orc warrior barely misses you.
You barely miss the orc warrior.
The orc warrior is severely wounded.
The orc warrior misses you.
You hit the orc warrior.
The orc warrior is almost dead.
The orc warrior hits you with a trident!!
Ouch! That really hurt!
You die...

#........### .
#.....##.#.###...#
#.##......<....#
#.##..##.....#...#
#.##..##....## .
#.....##.#.##
#........#.#
#.###.####.#
#oos..# #+#
#o##### ####.#
#...o#
####...o####
......o....+
####..(o####
.......o#
####.##.#


You could see an orc warrior and 2 orcs.

Vanquished Creatures
  Edmund (D:4)
  Duvessa (D:4)
  A water moccasin (D:5)
  A phantom (D:2)
  An ogre (D:5)
  Dowan (D:4)
  A howler monkey (D:5)
  A crimson imp (D:5)
  A hound (D:5)
  2 orc priests
  An orc wizard (D:4)
  2 iguanas
  A worker ant (D:4)
  3 adders
  4 gnolls (D:3)
  An ooze (D:3)
  A dart slug (D:1)
  3 giant geckos
  4 orcs
  4 bats
  2 giant cockroaches
  5 goblins
  4 hobgoblins
  6 jackals
  5 quokkas
  3 giant newts (D:2)
  7 kobolds
  4 rats
71 creatures vanquished.

Notes
Turn   | Place    | Note
--------------------------------------------------------------
     0 | D:1      | Implojin the Vine Stalker Transmuter began the quest for the Orb.
     0 | D:1      | Reached XP level 1. HP: 9/9 MP: 4/4
   148 | D:1      | Reached XP level 2. HP: 7/14 MP: 1/6
   296 | D:1      | Reached skill level 4 in Unarmed Combat
   302 | D:1      | Reached XP level 3. HP: 16/17 MP: 4/7
  1021 | D:2      | Found a burning altar of Makhleb.
  1051 | D:2      | You fall through a shaft for 2 floors!
  1139 | D:4      | Gained mutation: Your muscles are strong. (Str +2) [potion of mutation]
  1139 | D:4      | Gained mutation: You tend to lose your temper in combat. [potion of mutation]
  1143 | D:4      | Reached XP level 4. HP: 8/21 MP: 8/8
  1150 | D:4      | Reached skill level 5 in Unarmed Combat
  1243 | D:4      | Learned a level 3 spell: Spider Form
  1347 | D:4      | Reached skill level 1 in Poison Magic
  1818 | D:2      | Reached XP level 5. HP: 23/25 MP: 7/9
  1900 | D:3      | Reached skill level 2 in Poison Magic
  2043 | D:3      | Found a sacrificial altar of Ru.
  2080 | D:3      | Found a sparkling altar of Nemelex Xobeh.
  2366 | D:3      | Noticed Terence
  2404 | D:3      | Reached skill level 3 in Poison Magic
  2470 | D:3      | Noticed a phantom
  2497 | D:4      | Noticed Duvessa
  2621 | D:2      | Killed a phantom
  2621 | D:2      | Reached skill level 3 in Transmutations
  2621 | D:2      | Gained mutation: You heal very quickly. [Vine Stalker growth]
  2621 | D:2      | Reached XP level 6. HP: 22/29 MP: 7/10
  3188 | D:4      | Killed Duvessa
  3188 | D:4      | Reached skill level 4 in Transmutations
  3205 | D:4      | Noticed Dowan
  3215 | D:4      | Killed Dowan
  3215 | D:4      | Reached skill level 5 in Transmutations
  3215 | D:4      | Reached XP level 7. HP: 32/32 MP: 5/11
  3246 | D:4      | Reached skill level 1 in Fighting
  3260 | D:4      | Found a staircase to the Ecumenical Temple.
  3301 | D:4      | Got a crude dagger
  3313 | D:4      | Noticed Edmund
  3339 | D:4      | Killed Edmund
  3339 | D:4      | Reached skill level 3 in Fighting
  3597 | D:4      | Found an iron altar of Okawaru.
  3754 | D:4      | Became a worshipper of Warmaster Okawaru
  3789 | D:5      | Entered Level 5 of the Dungeon
  3978 | D:5      | Reached skill level 4 in Fighting
  3978 | D:5      | Gained mutation: You have razor-sharp teeth. [Vine Stalker growth]
  3978 | D:5      | Reached XP level 8. HP: 32/42 MP: 2/12
  4233 | D:5      | Reached skill level 5 in Fighting
  4289 | D:5      | Found an ancient bone altar of Kikubaaqudgha.
  4297 | D:5      | Found a deep blue altar of Sif Muna.
  4299 | D:5      | Found a radiant altar of Vehumet.
  4304 | D:5      | Identified Sif Muna's Guide on Beguiling
  4574 | D:6      | Demolished by an orc warrior

Skill      XL: |  1  2  3  4  5  6  7  8 |
---------------+-------------------------+-----
Unarmed Combat | 4 5 |  5.1
Poison Magic   | 1 3 |  3.0
Transmutations | 3 5 |  5.0
Fighting       | 4 5 |  5.1
Dodging        | |  1.5
Spellcasting   | |  2.1

Action                   |  1- 3 |  4- 6 |  7- 9 || total
-------------------------+-------+-------+-------++-------
Melee: Unarmed           |    58 |   110 |    76 ||   244
       Bite              |    15 |    22 |     2 ||    39
       Kick              |     6 |     1 |       ||     7
       Headbutt          |     2 |    11 |       ||    13
Throw: Stone             |       |     8 |       ||     8
 Cast: Beastly Appendage |    14 |    21 |       ||    35
       Spider Form       |       |     4 |     9 ||    13
  Use: Scroll            |     5 |       |     6 ||    11
       Potion            |     4 |       |       ||     4
 Stab: Sleeping          |     1 |       |       ||     1
  Eat: Chunk             |     1 |     6 |     6 ||    13
       Fruit             |       |     1 |       ||     1
       Beef jerky        |       |     1 |       ||     1
Armor: Robe              |     8 |     2 |       ||    10
       Ring mail         |       |    25 |     2 ||    27
       Skin              |       |     1 |     4 ||     5
Dodge: Dodged            |    58 |    50 |    53 ||   161

Table legend:
 A = Turns spent in this place as a percentage of turns spent in the entire game.
 B = Non-inter-level travel turns spent in this place as a percentage of non-inter-level travel turns spent in the entire game.
 C = Inter-level travel turns spent in this place as a percentage of turns spent in this place.
 D = Turns resting spent in this place as a percentage of non-inter-level travel turns spent in this place.
 E = Turns spent auto-exploring this place as a percentage of non-inter-level travel turns spent in this place.
 F = Non-inter-level travel turns spent in this place divided by the number of levels of this place that you've seen.
                   A       B       C       D       E      F
               +-------+-------+-------+-------+-------+----------------------
         Total | 100.0 | 100.0 |   0.7 |   3.4 |   6.4 | 267.7
       Dungeon | 100.0 | 100.0 |   0.7 |   3.4 |   6.4 | 267.7
               +-------+-------+-------+-------+-------+----------------------

Table legend:
 A = Kills in this place as a percentage of kills in entire the game.
 B = Kills by you in this place as a percentage of kills by you in the entire game.
 C = Kills by friends in this place as a percentage of kills by friends in the entire game.
 D = Other kills in this place as a percentage of other kills in the entire game.
 E = Experience gained in this place as a percentage of experience gained in the entire game.
 F = Experience gained in this place divided by the number of levels of this place that you have seen.
                   A       B       C       D       E      F
               +-------+-------+-------+-------+-------+----------------------
         Total | 100.0 | 100.0 |  -nan |  -nan | 100.0 | 229.2
       Dungeon | 100.0 | 100.0 |  -nan |  -nan | 100.0 | 229.2
               +-------+-------+-------+-------+-------+----------------------
